 Dungeon Crawl Stone Soup version 0.31-a0-986-g5e6e4ef867 (webtiles) character file.

Game seed: 13810527222157238029

102 drugrobin the Sneak (level 4, 0/37 HPs)
             Began as a Demigod Delver on Nov 22, 2023.
             Slain by an orc
             ... wielding a +0 mace
              (6 damage)
             ... on level 2 of the Dungeon.
             The game lasted 00:06:02 (1991 turns).

drugrobin the Sneak (Demigod Delver)                Turns: 1991, Time: 00:06:02

Health: 0/37       AC:  5    Str: 17    XL:     4   Next: 25%
Magic:  6/6        EV: 11    Int: 12    God:
Gold:   117        SH:  0    Dex: 15    Spells: 3/3 levels left

rFire   . . .        a - +0 mace
rCold   . . .        (no shield)
rNeg    . . .        m - +0 ring mail
rPois   +            (no helmet)
rElec   .            (no cloak)
rCorr   .            (no gloves)
SInv    +            (no boots)
Will    .....        (no amulet)
Stlth   ++           q - ring of see invisible
HPRegen 0.26/turn    r - ring of poison resistance
MPRegen 0.10/turn

%: no passive effects
@: no status effects
A: high MP 1, forlorn, divine attributes
a: no special abilities


You were on level 2 of the Dungeon.
You visited 1 branch of the dungeon, and saw 5 of its levels.

You collected 117 gold pieces.

Inventory:

Hand Weapons
 a - a +0 mace (weapon)
 b - a +1 sling of draining
Missiles
 v - 2 throwing nets
Armour
 m - a +0 ring mail (worn)
 p - a +0 leather armour
Jewellery
 q - a ring of see invisible (left hand)
 r - a ring of poison resistance (right hand)
Talismans
 k - a flux talisman
Wands
 g - a wand of digging (1)
 h - a wand of mindburst (10)
Scrolls
 c - 2 scrolls of noise {unknown}
 d - a scroll of revelation
 e - a scroll of fear
 j - 2 scrolls of identify {unknown}
 l - a scroll of torment {unknown}
 n - a scroll of immolation {unknown}
 o - a scroll of silence {unknown}
 t - 4 scrolls of butterflies {unknown}
Potions
 f - 2 potions of haste
 i - a potion of curing {unknown}
 s - a potion of mutation {unknown}
 u - 2 potions of heal wounds {unknown}


   Skills:
 - Level 2.6 Fighting
 + Level 4.3 Maces & Flails
 - Level 1.7 Dodging
 - Level 4.5 Stealth


You had 3 spell levels left.
You didn't know any spells.
Your spell library was empty.

Dungeon Overview and Level Annotations

Branches:
Dungeon (5/15)
 Temple: D:4-7

Shops:
D:3 *   D:4 :*

Annotations:
D:4 Grinder


Innate Abilities, Weirdness & Mutations

You have an increased reservoir of magic. (+10% MP)
You shall have no god before yourself.
Your divine heritage dramatically boosts your attributes as you level up.


Message History

You hit the orc wizard but do no damage.
The orc wizard is moderately wounded.
The orc closely misses you.
The orc wizard hits you but does no damage.
You hit the orc wizard but do no damage.
The orc wizard is moderately wounded.
The orc closely misses you. The orc wizard casts a spell at you.
You are confused.
You barely miss the orc wizard.
The orc wizard is moderately wounded.
The orc closely misses you.
The orc wizard hits you with a +0 dagger.
The orc hits you with a +0 mace.
Unknown command.
You bump into the rock wall.
The orc wizard points at you and mumbles some strange words.
The puff of flame hits you. The orc misses you.
The orc wizard barely misses you.
Unknown command.
The orc wizard gestures at you while chanting.
The magic dart hits you. The orc attacks as it pursues you!
The orc barely misses you.
Unknown command.
Unknown command.
The orc wizard hits you but does no damage.
The orc misses you.
Unknown command.
You feel less confused. The orc wizard barely misses you.
The orc completely misses you.
Unknown command.
Aiming: Mindburst
Press: ? - help, Shift-Dir - straight line, f - orc wizard
Aim: an orc wizard, wielding a +0 dagger and wearing a +0 robe (moderately wounded, chance to affect: 64%)
The orc wizard struggles to resist.
The orc wizard gestures at you while chanting.
The magic dart hits you!
* * * LOW HITPOINT WARNING * * *
The orc hits you with a +0 mace.
You die...

......8.8.<...^..####
#..........
....................#
#..........
##.....'.####'#.....#
#.......##. #.....###
#.#.....# ######.#.#.
#.....# #.'.....#
#.#.#. #.....#
###.....# #.#.#.
#....)# #.....#
#.##.. #.....#
#.....# ##.....
####### #.@o..#
####....## #..o..#
#.##.##.# #######
#.##.##.## #....##...
####....## #....#
###...### #........
###.#.##.


You could see an orc wizard and an orc.

Vanquished Creatures
  Natasha (D:3)
  A worm (D:2)
  4 dart slugs (D:1)
  An orc (D:3)
  9 ball pythons
  6 bats
  6 endoplasms
  5 giant cockroaches
  6 goblins
  8 hobgoblins
  3 jackals (D:2)
  2 frilled lizards
  9 rats
61 creatures vanquished.

Notes
Turn   | Place    | Note
-------+----------+-------------------------------------------
     0 | D:5      | drugrobin the Demigod Delver began the quest for the Orb.
     0 | D:5      | Reached XP level 1. HP: 18/18 MP: 3/3
     1 | D:5      | Noticed an ice beast
    30 | D:4      | Found Moqureha's Book Shop.
    70 | D:4      | Noticed Grinder
   100 | D:4      | Found Ucasmyx's Assorted Antiques.
   248 | D:2      | Reached XP level 2. HP: 22/25 MP: 4/4
   761 | D:1      | Reached XP level 3. HP: 30/30 MP: 5/5
  1822 | D:3      | Found Wetzudd's General Store.
  1842 | D:3      | Noticed Natasha
  1850 | D:3      | Killed Natasha
  1851 | D:3      | Reached XP level 4. HP: 9/37 MP: 6/6
  1991 | D:2      | Slain by an orc

Illustrated notes

Levels and vault maps discovered:
D:1:      lightli_arrival_lavapool, layout_basic
D:2:      layout_basic, dreamdust_ecumenical_altar_statues, basic_altar,
          minmay_pentomino_q2
D:3:      layout_loops_ring, gammafunk_ghost_gnarly_gnolls, serial_shops, shop,
          minmay_misc_feat_five, kennysheep_generic_room_11, uniq_jessica,
          uniq_natasha, uniq_crazy_yiuf_cottage
D:4:      kennysheep_slugbush, layout_basic, grunt_gozag_statues, serial_shops,
          shop, shop, shop, nicolae_lakefront_shop, shop,
          minmay_misc_feat_cross, st_stairs_2, uniq_grinder
D:5:      layout_cave_pools, mainiacjoe_overflow_catwalk_spiral, temple_green

Skill      XL: |  1  2  3 |
---------------+----------+-----
Maces & Flails | 2 3 4 |  4.3
Fighting       | |  2.6
Dodging        | |  1.7
Stealth        | |  4.5

Action                     |  1- 3 |  4- 6 || total
---------------------------+-------+-------++-------
  Melee: Mace              |   109 |    12 ||   121
   Fire: Sling             |    35 |       ||    35
  Evoke: Wand              |     4 |     1 ||     5
    Use: Scroll            |     1 |       ||     1
   Stab: Sleeping          |     7 |       ||     7
 Armour: Leather armour    |    30 |       ||    30
         Ring mail         |    46 |    17 ||    63
  Dodge: Dodged            |    65 |    20 ||    85

Table legend: (Time is in decaauts)
 A = Elapsed time spent in this place.
 B = Non-inter-level travel time spent in this place.
 C = Inter-level travel time spent in this place.
 D = Time resting spent in this place.
 E = Time spent auto-exploring this place.
 F = Levels seen in this place.
 G = Mean time per level.
                   A        B        C        D        E       F      G
               +--------+--------+--------+--------+--------+-----+--------+
         Total |   2035 |   1941 |     94 |    220 |   1043 |   5 |  407.0 |
       Dungeon |   2035 |   1941 |     94 |    220 |   1043 |   5 |  407.0 |
               +--------+--------+--------+--------+--------+-----+--------+

Top non-repeatable levels by time:
     D:1: 879 daAuts
     D:2: 725 daAuts
     D:3: 337 daAuts
     D:4: 67 daAuts
     D:5: 25 daAuts
